 Dungeon Crawl Stone Soup version 0.18.1-48-g4cf74bf (webtiles) character file.

842 Jebus the Purveyor of Pain (level 7, -11/46 HPs)
             Began as a Vampire Necromancer on Sept 2, 2016.
             Was an Initiate of Kikubaaqudgha.
             Shot with an arrow by a centaur (12 damage)
             ... on level 5 of the Dungeon on Sept 3, 2016.
             The game lasted 00:11:56 (8178 turns).

Jebus the Purveyor of Pain (Vampire Necromancer)    Turns: 8178, Time: 00:11:57

Health: -11/46     AC:  2    Str:  7    XL:     7   Next: 67%
Magic:  7/10       EV: 12    Int: 20    God:    Kikubaaqudgha [......]
Gold:   184        SH:  0    Dex: 14    Spells: 3 memorised, 2 levels left

rFire  . . .     SeeInvis +     h - +1 dagger (venom)
rCold  + + .     Gourm    .     a - +0 robe
rNeg   + + +     Faith    .     (no shield)
rPois  ∞         Spirit   .     (no helmet)
rElec  .         Dismiss  .     (no cloak)
rCorr  .         Reflect  .     (no gloves)
SustAt .         Harm     .     (no boots)
MR     .....                    (no amulet)
Stlth  +++.......               (no ring)
                                (no ring)

@: bloodless, non-regenerating, not resistant to hostile enchantments, fairly
stealthy
A: fangs 3, see invisible, unbreathing
a: Bat Form, Renounce Religion


You were on level 5 of the Dungeon.
You worshipped Kikubaaqudgha.
Kikubaaqudgha was noncommittal.
You were bloodless.

You visited 2 branches of the dungeon, and saw 6 of its levels.

You collected 184 gold pieces.

Inventory:

Hand Weapons
 h - a +1 dagger of venom (weapon)
Armour
 a - a +0 robe (worn)
Jewellery
 o - a +3 amulet of reflection {unknown}
 r - an uncursed amulet of magic regeneration {unknown}
Wands
 t - a wand of flame (31/48)
Scrolls
 c - 2 scrolls of identify {unknown}
 g - a scroll of immolation
 i - a scroll of remove curse {unknown}
 j - a scroll of magic mapping
 k - 2 scrolls of amnesia
 l - a scroll of blinking {unknown}
 n - a scroll of enchant armour {unknown}
 p - a scroll of teleportation {unknown}
Potions
 d - 4 potions of resistance {unknown}
 e - 2 potions of heal wounds {unknown}
 f - 3 potions of lignification {unknown}
 m - a potion of curing {unknown}
 q - a potion of degeneration {unknown}
 s - a potion of blood
 u - a potion of invisibility {unknown}
Books
 b - a book of Necromancy

   Spells                             Type                      Level
   a - Pain                           Necromancy                   1
   b - Animate Skeleton               Necromancy                   1
   c - Vampiric Draining              Necromancy                   3
   d - Regeneration                   Charms/Necromancy            3
   e - Animate Dead                   Necromancy                   4
   f - Control Undead                 Necromancy                   4


   Skills:
 - Level 2.1 Dodging
 - Level 3.0 Stealth
 - Level 2.0 Spellcasting
 + Level 10.4 Necromancy


You had 2 spell levels left.
You knew the following spells:

 Your Spells              Type           Power        Failure   Level  Hunger
a - Pain                  Necr           ####         1%          1    #......
b - Vampiric Draining     Necr           #####.....   1%          3    ###....
c - Control Undead        Necr           #####.....   2%          4    #####..


Dungeon Overview and Level Annotations

Branches:
Dungeon (5/15)             Temple (1/1) D:4

Altars:
Dithmenos
Fedhas
Gozag
Kikubaaqudgha
Makhleb
Okawaru
Qazlal
Ru
Sif Muna
Trog
Yredelemnul
Zin

Annotations:
D:3 exclusion: oklob plant


Innate Abilities, Weirdness & Mutations

You do not heal naturally.
You are immune to poison.
You have razor-sharp teeth.
You have supernaturally acute eyesight.
You can survive without breathing.


Message History

Aim: a centaur, wielding a shortbow (chance to defeat MR: 84%)
The centaur convulses in agony!
The centaur shoots an arrow.
The arrow hits you!
Casting: Pain
Confirm with . or Enter, or press ? or * to list all spells.
Aiming: Pain
Press: ? - help, Shift-Dir - straight line, f/p - centaur
Aim: a centaur, wielding a shortbow (moderately wounded, chance to defeat MR: 84%)
The centaur convulses in agony!
The centaur shoots an arrow.
The arrow hits you!
The centaur shoots an arrow.
The arrow hits you!
* * * LOW HITPOINT WARNING * * *
Casting: Pain
Confirm with . or Enter, or press ? or * to list all spells.
Aiming: Pain
Press: ? - help, Shift-Dir - straight line, f/p - centaur
Aim: a centaur, wielding a shortbow (moderately wounded, chance to defeat MR: 84%)
The centaur convulses in agony!
The centaur shoots an arrow.
The arrow hits you!
You die...
Kikubaaqudgha rasps: "You have failed me!
Welcome... oblivion!"

.#....
######.#............###
....<.................
#.###..... #.........
#.###..# #...!..c.
+......# #.......
#.###.######...... #.#
#.###........# #(#
#...........@# #.#
#............# #.#
##..........## #.#
#..........# #.
###..........#
#)............#
#.............#
#.............#
#......########


You could see a centaur.

Vanquished Creatures
  Prince Ribbit (D:5)
  2 ogres (D:4)
  A giant frog (D:5)
  A scorpion (D:4)
  An orc priest (D:3)
  A hound (D:5)
  3 orc wizards
  An iguana (D:4)
  2 worker ants
  5 adders
  7 worms
  3 dart slugs
  12 orcs
  4 giant cockroaches
  7 goblins
  6 hobgoblins
  A jackal (D:4)
  8 kobolds
  4 quokkas
  9 bats
  A giant cockroach zombie (D:5)
  2 giant newts
  10 rats
92 creatures vanquished.

Notes
Turn   | Place    | Note
--------------------------------------------------------------
     0 | D:1      | Jebus the Vampire Necromancer began the quest for the Orb.
     0 | D:1      | Reached XP level 1. HP: 13/13 MP: 3/3
   600 | D:1      | Reached XP level 2. HP: 19/19 MP: 1/5
   759 | D:2      | Reached skill level 5 in Necromancy
  1065 | D:2      | Noticed a moth of wrath
  1068 | D:2      | Found a bloodstained altar of Trog.
  2157 | D:2      | Reached XP level 3. HP: 17/24 MP: 0/6
  2333 | D:2      | Learned a level 3 spell: Vampiric Draining
  3268 | D:2      | Reached skill level 6 in Necromancy
  3650 | D:2      | Reached XP level 4. HP: 30/30 MP: 3/7
  4101 | D:3      | Found a sacrificial altar of Ru.
  4372 | D:3      | Reached XP level 5. HP: 28/35 MP: 6/8
  4374 | D:3      | Reached skill level 7 in Necromancy
  4654 | D:3      | Found a basalt altar of Yredelemnul.
  4753 | D:3      | Found a blossoming altar of Fedhas.
  4764 | D:3      | Noticed an oklob plant
  5889 | D:4      | Found a staircase to the Ecumenical Temple.
  5987 | Temple   | Entered the Ecumenical Temple
  6036 | Temple   | Became a worshipper of Kikubaaqudgha
  6438 | D:4      | Noticed an ogre
  6447 | D:4      | Killed an ogre
  6447 | D:4      | Reached skill level 8 in Necromancy
  6447 | D:4      | Reached XP level 6. HP: 29/41 MP: 1/9
  6518 | D:4      | Learned a level 4 spell: Control Undead
  7285 | D:4      | Reached skill level 9 in Necromancy
  7766 | D:4      | Reached XP level 7. HP: 46/46 MP: 1/10
  7920 | D:5      | Entered Level 5 of the Dungeon
  7952 | D:5      | Noticed Prince Ribbit
  7961 | D:5      | Killed Prince Ribbit
  7961 | D:5      | Reached skill level 10 in Necromancy
  8140 | D:5      | Found a burning altar of Makhleb.
  8177 | D:5      | HP: 1/46 [centaur/arrow (14)]
  8178 | D:5      | Shot with an arrow by a centaur

Skill      XL: |  1  2  3  4  5  6  7 |
---------------+----------------------+-----
Necromancy     | 5 6 8 9 10 | 10.4
Dodging        | |  2.1
Stealth        | |  3.0
Spellcasting   | |  2.0

Action                   |  1- 3 |  4- 6 |  7- 9 || total
-------------------------+-------+-------+-------++-------
Melee: Dagger            |    10 |    22 |     2 ||    34
       Bite              |     2 |     5 |       ||     7
 Cast: Pain              |    92 |    91 |    12 ||   195
       Vampiric Draining |       |    25 |     3 ||    28
  Use: Potion            |     1 |     1 |       ||     2
       Scroll            |       |     3 |       ||     3
 Stab: Sleeping          |       |       |     2 ||     2
Armor: Robe              |     9 |     6 |     1 ||    16
Dodge: Dodged            |    11 |    27 |     3 ||    41
